 Dungeon Crawl Stone Soup version 0.28.0-45-g0d030f2227 (webtiles) character file.

Game seed: 1193629096417475368

147 101zpm the Magician (level 5, -1/35 HPs)
             Began as a Djinni Ice Elementalist on Apr 17, 2022.
             Slain by a hound (4 damage)
             ... on level 4 of the Dungeon.
             The game lasted 00:06:57 (2845 turns).

101zpm the Magician (Djinni Ice Elementalist)       Turns: 2845, Time: 00:06:58

Health: -1/35      AC:  8    Str:  7    XL:     5   Next: 54%
Gold:   108        EV: 12    Int: 19    God:
                   SH:  0    Dex: 13

rFire   + + .      SeeInvis .   h - +2 short sword (vamp)
rCold   x . .      Faith    .   (no shield)
rNeg    . . .      Spirit   .   a - +0 robe
rPois   ∞          Reflect  .   (no helmet)
rElec   .          Harm     .   (no cloak)
rCorr   .          Rampage  .   (no gloves)
Will    .....                   (boots unavailable)
Stlth   ++........              (no amulet)
HPRegen 0.11/turn               (no ring)
MPRegen 0.00/turn               (no ring)

@: ice-armoured, freezing walls, flying
A: sickness immunity, fire resistance 2, cold vulnerability 1, float, innate
caster, HP casting, extra vitality 1
a: no special abilities


You were on level 4 of the Dungeon.
You visited 1 branch of the dungeon, and saw 4 of its levels.

You collected 108 gold pieces.

Inventory:

Hand Weapons
 h - a +2 vampiric short sword (weapon)
Armour
 a - a +0 robe (worn)
Scrolls
 b - a scroll of teleportation {unknown}
 c - a scroll of blinking {unknown}
 e - a scroll of magic mapping {unknown}
 f - 2 scrolls of identify {unknown}
 i - a scroll of fog {unknown}
Potions
 d - 2 potions of heal wounds {unknown}
 g - a potion of mutation {unknown}
 j - a potion of attraction {unknown}


   Skills:
 + Level 0.3 Fighting
 + Level 2.4 Dodging
 + Level 2.2 Stealth
 + Level 0.1 Unarmed Combat
 + Level 4.7 Spellcasting


You couldn't memorise any spells.
You knew the following spells:

 Your Spells              Type           Power      Damage    Failure   Level
a - Freeze                Ice            88%        1d10      1%          1
b - Frozen Ramparts       Ice            44%        1d6       5%          3
c - Ozocubu's Armour      Ice            22%        N/A       5%          3
d - Hailstorm             Conj/Ice       22%        3d7       19%         4
e - Summon Small Mammal   Summ           88%        N/A       1%          1
f - Corpse Rot            Necr/Air       44%        N/A       2%          2
Your spell library was empty.

Dungeon Overview and Level Annotations

Branches:
Dungeon (4/15)
 Temple: D:4-7

Altars:
Uskayaw

Shops:
D:1 :

Annotations:
D:3 Grinder


Innate Abilities, Weirdness & Mutations

You are immune to sickness and miasma.
You are immune to poison.
Your flesh is very heat resistant. (rF++)
You are vulnerable to cold. (rC-)
You float through the air rather than walking.
You learn spells naturally, not from books.
Your magical power is your life essence.
You have superior vitality. (+4 MHP)


Message History

t - Shout!
Orders for allies: a - Attack new target. p - Attack previous target. r - Retreat! s - Stop attacking. g - Guard the area. f - Follow me.
Anything else - Cancel.
Gang up on whom?
Press: ? - help, Dir - move target, f/p - water moccasin skeleton
Aim: a water moccasin skeleton (severely damaged) Attack!
Your quokka bites the water moccasin skeleton.
The water moccasin skeleton bites your quokka!
Your quokka dies!
Your quokka's corpse disappears in a puff of smoke!
The water moccasin skeleton bites something.
An adder skeleton comes into view.
You see here 28 stones.
Found 20 gold pieces.
Found a green potion.
j - a green potion
Found 16 gold pieces.
A hound comes into view.
Casting: Summon Small Mammal (safe; 1% risk of failure)
Confirm with . or Enter, or press ? or * to list all spells.
Casting: Frozen Ramparts (dangerous; 5% risk of failure)
Press: ? - help, Dir - look around, f - activate The walls around you are covered in ice.
* * * LOW HITPOINT WARNING * * *
The hound barks!
You hear a shout!
Casting: Frozen Ramparts (dangerous; 5% risk of failure)
Confirm with . or Enter, or press ? or * to list all spells.
A film of ice covers your body!
* * * LOW HITPOINT WARNING * * *
Aiming: Freeze (safe; 1% risk of failure)
Press: ? - help, Q - select action, (/) - cycle Shift-Dir - straight line, f - hound
Aim: a hound You freeze the hound.
The hound is lightly wounded.
* * * LOW HITPOINT WARNING * * *
The wall freezes the hound.
The hound bites you.
You die...

#..............#
####.#..........###
#..........##...#
#.##.#####.###..#
#.##.#####.# ##.#
#.##.... ..# #.#
#.##..# $.. ...
#.##..####.. ....
#..@....$..
####h###.#. ...
..... ####.# #


You could see a hound.

Vanquished Creatures
  An iguana (D:4)
  3 gnolls (D:3)
  4 adders
  A dart slug (D:3)
  2 orcs (D:3)
  9 ball pythons
  4 endoplasms
  4 giant cockroaches (D:1)
  7 goblins
  3 jackals (D:1)
  4 bats (D:3)
  4 frilled lizards
  2 kobolds
  7 rats
55 creatures vanquished.

Notes
Turn   | Place    | Note
-------+----------+-------------------------------------------
     0 | D:1      | 101zpm the Djinni Ice Elementalist began the quest for the
                  | Orb.
     0 | D:1      | Reached XP level 1. HP: 15/15 MP: 0/0
    23 | D:1      | Found Oroll's Book Boutique.
   162 | D:1      | Found a faded altar of an unknown god.
   190 | D:1      | Reached XP level 2. HP: 20/21 MP: 0/0
   729 | D:1      | Reached XP level 3. HP: 22/25 MP: 0/0
   729 | D:1      | Learned a level 1 spell: Summon Small Mammal
  1717 | D:2      | Reached skill level 4 in Spellcasting
  1717 | D:2      | Reached XP level 4. HP: 24/31 MP: 0/0
  1819 | D:2      | You are sucked into a shaft and drop 1 floor!
  2163 | D:3      | Reached XP level 5. HP: 27/35 MP: 0/0
  2163 | D:3      | Learned a level 2 spell: Corpse Rot
  2335 | D:3      | Found a hide-covered altar of Uskayaw.
  2339 | D:3      | Noticed Grinder
  2357 | D:3      | Paralysed by Grinder for 4 turns
  2845 | D:4      | Slain by a hound

Illustrated notes

Levels and vault maps discovered:
D:1:      dpeg_arrival_radiant, layout_loops_ring,
          chequers_ecumenical_altar_simple, serial_rivers,
          chequers_serial_rivers_marsh, chequers_serial_rivers_micro_c,
          chequers_serial_rivers_micro_c, chequers_serial_rivers_large_a,
          serial_shops, shop
D:2:      layout_loops_cross, minivault_19, minmay_misc_feat_roman
D:3:      minmay_chambers_of_threes, layout_rooms,
          eat_drink_and_be_merry_uskayaw, kennysheep_generic_room_7,
          uniq_grinder, uniq_sigmund
D:4:      layout_loops_ring

Skill      XL: |  1  2  3  4  5 |
---------------+----------------+-----
Spellcasting   | 4 |  4.7
Stealth        | 2 |  2.2
Fighting       | |  0.3
Dodging        | |  2.4
Unarmed Combat | |  0.1

Action                   |  1- 3 |  4- 6 || total
-------------------------+-------+-------++-------
Melee: Unarmed           |     8 |       ||     8
 Cast: Freeze            |    45 |    29 ||    74
       Frozen Ramparts   |       |     9 ||     9
       Summon Small Mamm |       |     3 ||     3
       Ozocubu's Armour  |       |     1 ||     1
Armor: Robe              |     9 |     5 ||    14
Dodge: Dodged            |    25 |    20 ||    45
